 Dungeon Crawl Stone Soup version 0.31-a0-743-g45f7035092 (webtiles) character file.

Game seed: 17095877283994030731

17 Bravepunisher the Ducker (level 2, 10/16 HPs)
             Began as a Spriggan Monk on Sept 13, 2023.
             Quit the game in the Ecumenical Temple.
             The game lasted 00:02:47 (388 turns).

Bravepunisher the Ducker (Spriggan Monk)             Turns: 388, Time: 00:02:48

Health: 10/16      AC:  2    Str:  7    XL:     2   Next: 44%
Magic:  3/3        EV: 19    Int: 11    God:
Gold:   25         SH:  0    Dex: 17    Spells: 1/1 levels left

rFire   . . .        a - +0 short sword
rCold   . . .        d - orb {light}
rNeg    . . .        b - +0 robe
rPois   .            (helmet restricted)
rElec   .            (no cloak)
rCorr   .            (gloves unavailable)
SInv    +            (boots unavailable)
Will    .....        (no amulet)
Stlth   +            (no ring)
HPRegen 0.22/turn    (no ring)
MPRegen 0.08/turn

%: no passive effects
@: glowing, very quick
A: very small, no large weapons, unfitting armour, see invisible, speed 3
a: no special abilities


You were in the Ecumenical Temple.
You visited 2 branches of the dungeon, and saw 6 of its levels.

You collected 25 gold pieces.

Inventory:

Hand Weapons
 a - a +0 short sword (weapon)
Armour
 b - a +0 robe (worn)
 d - an orb of light (worn)
Scrolls
 e - 2 scrolls of fear {unknown}
 h - a scroll of identify {unknown}
 i - a scroll of poison {unknown}
Potions
 c - a potion of ambrosia
 f - a potion of heal wounds {unknown}
 g - a potion of mutation {unknown}


   Skills:
 + Level 2.7 Fighting
 - Level 3.2 Short Blades
 * Level 4.8 Dodging


You had one spell level left.
You didn't know any spells.
Your spell library was empty.

Dungeon Overview and Level Annotations

Branches:
Dungeon (5/15)             Temple (1/1) D:5

Altars:
Ashenzari
Cheibriados
Dithmenos
Hepliaklqana
Nemelex Xobeh
Okawaru
Trog
Uskayaw
Xom
Yredelemnul
Zin
The Shining One

Annotations:
D:4 Edmund


Innate Abilities, Weirdness & Mutations

You are very small and have problems with some larger weapons.
You are too small for most types of armour.
You have supernaturally acute eyesight. (SInv)
You cover ground extremely quickly. (Speed+++)


Message History

Found an escape hatch in the ceiling.
Edmund shouts!
There is a stone staircase leading down here.
You can't go up here!
You climb downwards.
Found 2 puce potions, 12 gold pieces and a club.
Found a stone staircase leading down.
There is a stone staircase leading up here.
You see here 12 gold pieces.
Found a ring mail.
An orc priest comes into view. It is wielding a +0 hand axe.
The orc priest shouts!
You hear a shout! x2
An orc comes into view. It is wielding a +0 club.
Found a stone staircase leading up.
The orc shouts! 2 orcs come into view.
The orc shouts!
The orc moves out of view.
The orc barely misses you.
The orc priest mumbles some strange prayers to Beogh against you.
Beogh smites you!
Ouch! That really hurt!
* * * LOW HITPOINT WARNING * * *
A sleepcap comes into view.
Found 15 gold pieces.
An iguana comes into view.
The iguana hisses angrily.
Found a plate armour.
You see here a +0 ring mail.
Found 16 gold pieces.
Found 9 gold pieces.
Found a stone staircase leading down.
Found a scroll labelled YJORCH RULOIGYG.
Found a staircase to the Ecumenical Temple.
i - a scroll labelled YJORCH RULOIGYG
There is a staircase to the Ecumenical Temple here.
You climb downwards.
Welcome to the Ecumenical Temple!
Found eight altars.
Found a staircase back to the Dungeon.
There is a staircase back to the Dungeon here.
Are you sure you want to abandon this character and quit the game? (Confirm with "yes".)

##.........≈≈≈≈≈.........##
#..........≈≈≈§§..........#
#......_....≈≈§§..._......#
#...........≈≈≈...........#
#≈≈..........≈..........≈≈#
#≈≈≈≈....._..≈.._.....≈≈≈≈#
#≈≈≈≈≈≈.............≈≈≈≈≈≈#
#≈≈≈≈≈≈≈≈.........≈≈≈≈≈≈≈≈#
#≈≈≈≈≈≈≈≈≈≈..@..§≈≈≈≈≈≈≈≈≈#
#≈≈≈≈≈≈≈≈.........≈≈≈≈≈≈≈≈#
#≈≈≈≈≈≈.............≈≈≈≈≈≈#
#≈≈≈≈....._..≈.._.....≈≈≈≈#
#≈≈..........≈..........≈≈#
#...........≈≈≈...........#
#......_....≈≈§§..._......#
#..........≈≈≈§§§.........#
##.........≈≈≈≈≈.........##


There were no monsters in sight!

Vanquished Creatures
  An adder (D:2)
  An endoplasm (D:4)
  2 hobgoblins
  A bat (D:2)
  3 frilled lizards (D:2)
  A rat (D:2)
9 creatures vanquished.

Notes
Turn   | Place    | Note
-------+----------+-------------------------------------------
     0 | D:1      | Bravepunisher the Spriggan Monk began the quest for the
                  | Orb.
     0 | D:1      | Reached XP level 1. HP: 11/11 MP: 2/2
   158 | D:2      | Reached XP level 2. HP: 13/16 MP: 3/3
   297 | D:4      | Noticed Edmund
   300 | D:5      | Entered Level 5 of the Dungeon
   300 | D:5      | Noticed a scorpion
   300 | D:5      | Noticed a scorpion
   377 | D:5      | Found a staircase to the Ecumenical Temple.
   387 | Temple   | Entered the Ecumenical Temple
   388 | Temple   | Quit the game

Illustrated notes

Levels and vault maps discovered:
D:1:      evilmike_arrival_fibonacci_small, layout_basic, minmay_box_of_dots
D:2:      layout_loops_cross, nicolae_grassy_gnolls
D:3:      layout_loops_corners, nicolae_ru_great_annihilating_truth,
          serial_shops, nicolae_shop_tiny_statue_garden, minmay_misc_feat_x,
          hangedman_feature_mirror, uniq_crazy_yiuf_cottage, uniq_natasha
D:4:      layout_basic, lemuel_blue_sif_altar, roderic_filled_cross, uniq_edmund
D:5:      layout_cave_pools, minmay_temple_entry_waves,
          minmay_misc_feat_more_columns
Temple:   nicolae_temple_x_marks_the_god

Action                     || total
---------------------------++-------
  Melee: Short sword       ||    41
 Armour: Robe              ||    12
  Dodge: Dodged            ||    24

Table legend: (Time is in decaauts)
 A = Elapsed time spent in this place.
 B = Non-inter-level travel time spent in this place.
 C = Inter-level travel time spent in this place.
 D = Time resting spent in this place.
 E = Time spent auto-exploring this place.
 F = Levels seen in this place.
 G = Mean time per level.
                   A        B        C        D        E       F      G
               +--------+--------+--------+--------+--------+-----+--------+
         Total |    267 |    267 |      0 |      2 |     95 |   6 |   44.5 |
       Dungeon |    266 |    266 |      0 |      2 |     95 |   5 |   53.2 |
        Temple |      0 |      0 |      0 |      0 |      0 |   1 |    0.0 |
               +--------+--------+--------+--------+--------+-----+--------+

Top non-repeatable levels by time:
     D:2: 98 daAuts
     D:1: 62 daAuts
     D:5: 53 daAuts
     D:4: 43 daAuts
     D:3: 9 daAuts
  Temple: 0 daAuts
